SA
LEVITTOWN BLUE DRAGONS @ GRIM REAPERS
06/21/2042
 
TOP OF THE 1ST
Levittown Blue Dragons batting - Pitching for Grim Reapers : LHP Jarko Aravirta
Pitching: LHP Jarko Aravirta
Batting: RHB Kent Luper 0-0: Ball
1-0: Called Strike
1-1: Ball
2-1: Ground out 4-3 (Groundball, 4, EV 86.9 MPH)
Batting: RHB Aaron Attyte 0-0: SINGLE (Line Drive, 6D, EV 96.9 MPH)
Batting: LHB Josh Hall 0-0: Reached on error, E6 (Groundball, 6, EV 100.6 MPH)
Aaron Attyte to second
Batting: RHB Frans Lissenberg 0-0: Called Strike
0-1: Swinging Strike
0-2: Foul Ball, location: 2F
0-2: Foul Ball, location: 2F
0-2: Foul Ball, location: 2F
0-2: Strikes out swinging
Batting: RHB Abednego Ashpenaz 0-0: Ball
1-0: Ball
2-0: Fielders Choice at 2nd, 6-4 (Groundball, 6, EV 80.0 MPH)
Top of the 1st over - 0 runs, 1 hit, 1 error, 2 left on base; Levittown 0 - Grim 0
BOTTOM OF THE 1ST
Grim Reapers batting - Pitching for Levittown Blue Dragons : RHP Jacob Sinclair
Pitching: RHP Jacob Sinclair
Batting: LHB Mark Green 0-0: Foul Ball, location: 2F
0-1: Foul Ball, location: 2F
0-2: Fly out, F8 (Flyball, 89D, EV 82.5 MPH)
Batting: RHB Yataro Nagai 0-0: Ball
1-0: Fly out, F9 (Flyball, 89D, EV 95.6 MPH)
Batting: LHB Pielgrzym Myslajek 0-0: Called Strike
0-1: Foul Ball, location: 2F
0-2: Strikes out swinging
Bottom of the 1st over - 0 runs, 0 hits, 0 errors, 0 left on base; Levittown 0 - Grim 0
TOP OF THE 2ND
Levittown Blue Dragons batting - Pitching for Grim Reapers : LHP Jarko Aravirta
Batting: LHB Norm Williams 0-0: Bunt for hit to 23 - play at first, batter OUT! 3-4
Batting: SHB Daniel Washington 0-0: Swinging Strike
0-1: Swinging Strike
0-2: Strikes out looking
Batting: LHB Ernesto Valenzuela 0-0: Ball
1-0: Fly out, F8 (Line Drive, 8LM, EV 96.9 MPH)
Top of the 2nd over - 0 runs, 0 hits, 0 errors, 0 left on base; Levittown 0 - Grim 0
BOTTOM OF THE 2ND
Grim Reapers batting - Pitching for Levittown Blue Dragons : RHP Jacob Sinclair
Batting: RHB John Crosby 0-0: Swinging Strike
0-1: Ball
1-1: Ball
2-1: Ball
3-1: Called Strike
3-2: Fly out, F9 (Flyball, 9LSF, EV 93.1 MPH)
Batting: SHB Huang-di Shu 0-0: Ball
1-0: Ball
2-0: Foul Ball, location: 2F
2-1: Ball
3-1: Ground out 5-3 (Groundball, 56, EV 80.6 MPH)
Batting: RHB Ron Burnett 0-0: Ball
1-0: Ball
2-0: Fly out, F8 (Flyball, 8LM, EV 93.1 MPH)
Bottom of the 2nd over - 0 runs, 0 hits, 0 errors, 0 left on base; Levittown 0 - Grim 0
TOP OF THE 3RD
Levittown Blue Dragons batting - Pitching for Grim Reapers : LHP Jarko Aravirta
Batting: SHB Luis Miguel Garza 0-0: Called Strike
0-1: Swinging Strike
0-2: Ball
1-2: Ball
2-2: Strikes out looking
Batting: RHB Kent Luper 0-0: Foul Ball, location: 2F
0-1: Ball
1-1: Ball
2-1: Called Strike
2-2: Hit by Pitch
Batting: RHB Aaron Attyte 0-0: Ball
1-0: Called Strike
1-1: Fly out, F8 (Flyball, 8LS, EV 91.2 MPH)
Batting: LHB Josh Hall 0-0: Foul Ball, location: 2F
0-1: Swinging Strike
0-2: Foul Ball, location: 2F
0-2: Ball
1-2: Foul Ball, location: 2F
1-2: Ball
2-2: Fly out, F9 (Flyball, 89S, EV 91.2 MPH)
Top of the 3rd over - 0 runs, 0 hits, 0 errors, 1 left on base; Levittown 0 - Grim 0
BOTTOM OF THE 3RD
Grim Reapers batting - Pitching for Levittown Blue Dragons : RHP Jacob Sinclair
Batting: LHB John Manley 0-0: Called Strike
0-1: Ball
1-1: Fly out, F8 (Flyball, 8RD, EV 93.1 MPH)
Batting: SHB Danny Warner 0-0: Ground out 6-3 (Groundball, 6M, EV 82.5 MPH)
Batting: RHB Joe Gregory 0-0: Ball
1-0: Foul Ball, location: 2F
1-1: Foul Ball, location: 2F
1-2: Ball
2-2: Strikes out swinging
Bottom of the 3rd over - 0 runs, 0 hits, 0 errors, 0 left on base; Levittown 0 - Grim 0
TOP OF THE 4TH
Levittown Blue Dragons batting - Pitching for Grim Reapers : LHP Jarko Aravirta
Batting: RHB Frans Lissenberg 0-0: SINGLE (Flyball, 9LM, EV 96.9 MPH)
Batting: RHB Abednego Ashpenaz 0-0: Called Strike
0-1: Ball
1-1: Ball
2-1: Ball
3-1: Grounds into double play, 5-4-3 (Groundball, 56, EV 106.2 MPH)
Batting: LHB Norm Williams 0-0: Ball
1-0: Called Strike
1-1: Foul Ball, location: 2F
1-2: Ball
2-2: Strikes out looking
Top of the 4th over - 0 runs, 1 hit, 0 errors, 0 left on base; Levittown 0 - Grim 0
BOTTOM OF THE 4TH
Grim Reapers batting - Pitching for Levittown Blue Dragons : RHP Jacob Sinclair
Batting: LHB Mark Green 0-0: Swinging Strike
0-1: Foul Ball, location: 2F
0-2: Strikes out swinging
Batting: RHB Yataro Nagai 0-0: Ball
1-0: SINGLE (Groundball, 15S, EV 74.4 MPH) (infield hit)
Batting: LHB Pielgrzym Myslajek 0-0: Fly out, F9 (Flyball, 9, EV 85.0 MPH)
Batting: RHB John Crosby 0-0: Ball
1-0: Foul Ball, location: 2F
1-1: Swinging Strike
1-2: Ball
2-2: Strikes out looking
Bottom of the 4th over - 0 runs, 1 hit, 0 errors, 1 left on base; Levittown 0 - Grim 0
TOP OF THE 5TH
Levittown Blue Dragons batting - Pitching for Grim Reapers : LHP Jarko Aravirta
Batting: SHB Daniel Washington 0-0: Ball
1-0: SINGLE (Groundball, 56D, EV 104.4 MPH)
Batting: LHB Ernesto Valenzuela 0-0: Sac Bunt to 2R - play at first, batter OUT! 2-4
Daniel Washington to second
Batting: SHB Luis Miguel Garza 0-0: Called Strike
0-1: Swinging Strike
0-2: Ball
1-2: Foul Ball, location: 2F
1-2: Ball
2-2: Foul Ball, location: 2F
2-2: SINGLE (Line Drive, 9S, EV 93.8 MPH)
Daniel Washington to third
Batting: RHB Kent Luper 0-0: SINGLE (Groundball, 56, EV 95.0 MPH)
Daniel Washington scores
Luis Miguel Garza to second
Batting: RHB Aaron Attyte 0-0: Ball
1-0: Called Strike
1-1: Called Strike
1-2: Ball
2-2: Foul Ball, location: 2F
2-2: DOUBLE (Flyball, 89D, EV 107.5 MPH)
Luis Miguel Garza scores
Kent Luper to third
Runner from 3rd tries for Home, SAFE, throw by CF to trailing runner, SAFE at third!
Batting: LHB Josh Hall 0-0: Ball
1-0: Foul Ball, location: 2F
1-1: Ball
2-1: Ball
3-1: Foul Ball, location: 2F
3-2: DOUBLE (Flyball, 8RXD, EV 93.8 MPH)
Aaron Attyte scores
Batting: RHB Frans Lissenberg 0-0: Ball
1-0: Foul Ball, location: 2F
1-1: Ball
2-1: Called Strike
2-2: Ball
3-2: Foul Ball, location: 2F
3-2: Base on Balls
Batting: RHB Abednego Ashpenaz 0-0: Ball
1-0: SINGLE (Groundball, 56, EV 93.8 MPH)
Josh Hall to third
Frans Lissenberg to second
Runner from 3rd tries for Home, SAFE, throw by LF to home
Pitching: RHP Yoichi Amano
Batting: LHB Norm Williams 0-0: Foul Ball, location: 2F
0-1: Foul Ball, location: 2F
0-2: Ball
1-2: Strikes out looking
Batting: SHB Daniel Washington 0-0: Ball
1-0: Called Strike
1-1: Swinging Strike
1-2: Foul Ball, location: 2F
1-2: Ball
2-2: Foul Ball, location: 2F
2-2: Reached on error, E3 (Groundball, 34, EV 85.0 MPH)
Frans Lissenberg scores
Abednego Ashpenaz to third
Batting: LHB Ernesto Valenzuela 0-0: Ball
1-0: Swinging Strike
1-1: Ball
2-1: Ball
3-1: Base on Balls
Batting: SHB Luis Miguel Garza 0-0: Swinging Strike
0-1: Swinging Strike
0-2: Strikes out looking
Top of the 5th over - 6 runs, 6 hits, 1 error, 3 left on base; Levittown 6 - Grim 0
BOTTOM OF THE 5TH
Grim Reapers batting - Pitching for Levittown Blue Dragons : RHP Jacob Sinclair
Batting: SHB Huang-di Shu 0-0: Ball
1-0: Ball
2-0: Ball
3-0: Called Strike
3-1: Foul Ball, location: 2F
3-2: Strikes out swinging
Batting: RHB Ron Burnett 0-0: Ground out 5-3 (Groundball, 56S, EV 81.9 MPH)
Batting: LHB John Manley 0-0: Ball
1-0: TRIPLE (Flyball, 78XD, EV 101.9 MPH)
Batting: SHB Danny Warner 0-0: Ball
1-0: Called Strike
1-1: Ball
2-1: Swinging Strike
2-2: Strikes out looking
Bottom of the 5th over - 0 runs, 1 hit, 0 errors, 1 left on base; Levittown 6 - Grim 0
TOP OF THE 6TH
Levittown Blue Dragons batting - Pitching for Grim Reapers : RHP Yoichi Amano
Batting: RHB Kent Luper 0-0: Ball
1-0: Ground out 5-3 (Groundball, 56, EV 106.2 MPH)
Batting: RHB Aaron Attyte 0-0: SINGLE (Groundball, 6S, EV 86.2 MPH) (infield hit)
Batting: LHB Josh Hall 0-0: Called Strike
Aaron Attyte is caught stealing 2nd base 2-6
0-1: Foul Ball, location: 2F
0-2: Ball
1-2: SINGLE (Groundball, 25, EV 73.1 MPH) (infield hit)
Batting: RHB Frans Lissenberg 0-0: Ball
1-0: Swinging Strike
1-1: Ball
2-1: Called Strike
2-2: Ball
Josh Hall steals 2nd base
3-2: Strikes out swinging
Top of the 6th over - 0 runs, 2 hits, 0 errors, 1 left on base; Levittown 6 - Grim 0
BOTTOM OF THE 6TH
Grim Reapers batting - Pitching for Levittown Blue Dragons : RHP Jacob Sinclair
Batting: RHB Joe Gregory 0-0: Called Strike
0-1: Ball
1-1: Fly out, F9 (Flyball, 9LS, EV 76.2 MPH)
Batting: LHB Mark Green 0-0: Ball
1-0: Ball
2-0: Foul Ball, location: 2F
2-1: Foul Ball, location: 2F
2-2: Ball
3-2: Foul Ball, location: 2F
3-2: Ground out U3 (Groundball, 3, EV 83.8 MPH)
Batting: RHB Yataro Nagai 0-0: Ball
1-0: Foul Ball, location: 2F
1-1: Ground out 5-3 (Groundball, 5, EV 90.6 MPH)
Bottom of the 6th over - 0 runs, 0 hits, 0 errors, 0 left on base; Levittown 6 - Grim 0
TOP OF THE 7TH
Levittown Blue Dragons batting - Pitching for Grim Reapers : RHP Yoichi Amano
Batting: RHB Abednego Ashpenaz 0-0: Ball
1-0: SINGLE (Groundball, 34, EV 91.9 MPH) (infield hit)
Batting: LHB Norm Williams Pickoff Throw to First - Out! 1-3
0-0: Fly out, F7 (Line Drive, 7D, EV 92.5 MPH)
Batting: SHB Daniel Washington 0-0: Ball
1-0: Foul Ball, location: 2F
1-1: SINGLE (Line Drive, 89S, EV 88.8 MPH)
Batting: LHB Ernesto Valenzuela 0-0: Called Strike
0-1: Ball
1-1: SINGLE (Line Drive, 78M, EV 103.8 MPH)
Daniel Washington to second
Batting: SHB Luis Miguel Garza 0-0: Called Strike
0-1: Called Strike
0-2: Ball
1-2: Strikes out looking
Top of the 7th over - 0 runs, 3 hits, 0 errors, 2 left on base; Levittown 6 - Grim 0
BOTTOM OF THE 7TH
Grim Reapers batting - Pitching for Levittown Blue Dragons : RHP Jacob Sinclair
Batting: LHB Pielgrzym Myslajek 0-0: Foul Ball, location: 2F
0-1: Ball
1-1: Foul Ball, location: 2F
1-2: Ball
2-2: Strikes out swinging
Batting: RHB John Crosby 0-0: Fly out, F8 (Line Drive, 8LD, EV 106.2 MPH)
Batting: SHB Huang-di Shu 0-0: Called Strike
0-1: Swinging Strike
0-2: Fly out, F5 (Popup, 25F, EV 85.6 MPH)
Bottom of the 7th over - 0 runs, 0 hits, 0 errors, 0 left on base; Levittown 6 - Grim 0
TOP OF THE 8TH
Levittown Blue Dragons batting - Pitching for Grim Reapers : RHP Yoichi Amano
Batting: RHB Kent Luper 0-0: Ball
1-0: Ball
2-0: Ball
3-0: Called Strike
3-1: SOLO HOME RUN (Flyball, 89XD, EV 86.9 MPH), Distance : 423 ft
Batting: RHB Aaron Attyte 0-0: Ground out U3 (Groundball, 34S, EV 67.5 MPH)
Batting: LHB Josh Hall 0-0: Called Strike
0-1: Ground out 4-3 (Groundball, 4, EV 83.1 MPH)
Batting: RHB Frans Lissenberg 0-0: Ball
1-0: Ball
2-0: Ball
3-0: Called Strike
3-1: Fly out, F8 (Flyball, 8RM, EV 81.2 MPH)
Top of the 8th over - 1 run, 1 hit, 0 errors, 0 left on base; Levittown 7 - Grim 0
BOTTOM OF THE 8TH
Grim Reapers batting - Pitching for Levittown Blue Dragons : RHP Jacob Sinclair
Batting: RHB Ron Burnett 0-0: Ground out 5-3 (Groundball, 56S, EV 71.9 MPH)
Batting: LHB John Manley 0-0: Ball
1-0: Called Strike
1-1: Called Strike
1-2: Strikes out swinging
Pinch Hitting: RHB Jim Rigsby 0-0: Ball
1-0: Ball
2-0: Fly out, F7 (Line Drive, 7, EV 96.2 MPH)
Bottom of the 8th over - 0 runs, 0 hits, 0 errors, 0 left on base; Levittown 7 - Grim 0
TOP OF THE 9TH
Levittown Blue Dragons batting - Pitching for Grim Reapers : RHP Yoichi Amano
Pitching: RHP Leo Cassidy
Now at 2B: Jim McCourtney
Batting: RHB Abednego Ashpenaz 0-0: Ball
1-0: Ball
2-0: Ball
3-0: Called Strike
3-1: Ground out 6-3 (Groundball, 6, EV 77.5 MPH)
Batting: LHB Norm Williams 0-0: Called Strike
0-1: Ball
1-1: Foul Ball, location: 2F
1-2: Ball
2-2: Ball
3-2: Base on Balls
Batting: SHB Daniel Washington 0-0: Ball
1-0: Swinging Strike
1-1: Foul Ball, location: 2F
1-2: Foul Ball, location: 2F
1-2: Strikes out looking
Batting: LHB Ernesto Valenzuela 0-0: Ball
1-0: Ball
2-0: Foul Ball, location: 2F
2-1: Called Strike
2-2: Ball
Norm Williams steals 2nd base
3-2: Strikes out looking
Top of the 9th over - 0 runs, 0 hits, 0 errors, 1 left on base; Levittown 7 - Grim 0
BOTTOM OF THE 9TH
Grim Reapers batting - Pitching for Levittown Blue Dragons : RHP Jacob Sinclair
Batting: RHB Joe Gregory 0-0: Called Strike
0-1: Called Strike
0-2: Ball
1-2: Foul Ball, location: 2F
1-2: Fly out, F7 (Flyball, 7D, EV 104.4 MPH)
Pinch Hitting: RHB Muralidhara Neena 0-0: Ball
1-0: Foul Ball, location: 2F
1-1: Ball
2-1: SINGLE (Groundball, 4MD, EV 104.4 MPH)
Batting: RHB Yataro Nagai 0-0: Called Strike
0-1: Called Strike
0-2: Ball
1-2: Strikes out swinging
Batting: LHB Pielgrzym Myslajek 0-0: Ball
1-0: Ball
Wild Pitch!
Muralidhara Neena to second
2-0: Ball
3-0: Base on Balls
Batting: RHB John Crosby 0-0: Ground out 1-3 (Groundball, P, EV 67.5 MPH)
Bottom of the 9th over - 0 runs, 1 hit, 0 errors, 2 left on base; Levittown 7 - Grim 0
Friday, March 26th, 2021 - OOTP Baseball 20.8 Build 74